 Dungeon Crawl Stone Soup version 0.22.1-2-g9c5b331 (webtiles) character file.

204 lysyklops the Covered (level 5, -2/47 HPs)
             Began as a Minotaur Fighter on Dec 19, 2018.
             Slain by a goblin
             ... wielding a +0 club
             ... led by Robin
              (6 damage)
             ... on level 2 of the Dungeon.
             The game lasted 00:02:01 (1004 turns).

lysyklops the Covered (Minotaur Fighter)            Turns: 1004, Time: 00:02:02

Health: -2/47      AC:  8    Str: 26    XL:     5   Next: 52%
Magic:  4/4        EV:  8    Int:  5    God:
Gold:   37         SH: 10    Dex: 10    Spells: 4/4 levels left

rFire    . . .     SeeInvis .   a - +0 long sword
rCold    . . .     Gourm    .   c - +0 shield
rNeg     . . .     Faith    .   b - +0 scale mail
rPois    .         Spirit   .   (helmet restricted)
rElec    .         Reflect  .   j - +0 cloak
rCorr    .         Harm     .   (no gloves)
MR       .....                  (no boots)
Stlth    ..........             (no amulet)
HPRegen  0.15/turn              (no ring)
MPRegen  0.09/turn              (no ring)

@: mighty, lethally poisoned (-2 -> -5)
A: retaliatory headbutt, horns 2
a: no special abilities


You were on level 2 of the Dungeon.
You were not hungry.

You visited 1 branch of the dungeon, and saw 2 of its levels.

You collected 37 gold pieces.

Inventory:

Hand Weapons
 a - a +0 long sword (weapon)
Armour
 b - a +0 scale mail (worn)
 c - a +0 shield (worn)
 j - a +0 cloak (worn)
Scrolls
 h - a scroll of identify {unknown}
 k - a scroll of remove curse {unknown}
 l - a scroll of immolation {unknown}
Potions
 e - a potion of lignification {unknown}
 g - 2 potions of mutation {unknown}
 i - a potion of flight {unknown}
 m - a potion of agility {unknown}
Comestibles
 f - 4 rations


   Skills:
 + Level 4.9 Fighting
 + Level 4.1 Long Blades
 + Level 4.9 Armour
 + Level 4.8 Shields


You had 4 spell levels left.
You didn't know any spells.
Your spell library was empty.

Dungeon Overview and Level Annotations

Branches:
Dungeon (2/15)

Altars:

Annotations:
D:2 Robin


Innate Abilities, Weirdness & Mutations

You reflexively headbutt those who attack you in melee.
You have a pair of horns on your head.


Message History

The jackal bites you but does no damage.
You closely miss the goblin. Your headbutt misses the goblin.
The goblin no longer looks unusually strong.
You block the jackal's attack.
Robin roars a battlecry!
The goblins go into a battle-frenzy!
You block the jackal's attack. The goblin closely misses you.
You furiously retaliate!
You headbutt the goblin.
You kill the goblin!
You block the jackal's attack.
You slash the goblin!
You kill the goblin!
You feel sick.
The jackal bites you but does no damage.
You block the jackal's attack. Robin throws the goblin at you!
* * * LOW HITPOINT WARNING * * *
The jackal misses you. You furiously retaliate!
You headbutt the jackal.
You kill the jackal!
The goblin hits you with a club.
You die...

### ##.......(.....
#..##.......#.
##.#.g.....###
.?#####.)†##..#..##
......###.#..###g..
#...g.†.## #...
#..##....###...
#####g###.#...##...
#h@gg.# #.#.#.)#...
#..h#####
#.#.##()... ......h
#...####... ..#####
..... #... . .###.
#... #. . #... #
####


You could see Robin, 3 jackals and 2 goblins.

Vanquished Creatures
  Sigmund (D:2)
  An adder (D:2)
  An ooze (D:1)
  A dart slug (D:1)
  A leopard gecko (D:2)
  2 bats (D:1)
  A giant cockroach (D:1)
  11 goblins (D:2)
  3 hobgoblins
  5 jackals
  3 frilled lizards
  A kobold (D:1)
  2 rats
33 creatures vanquished.

Notes
Turn   | Place    | Note
-------+----------+-------------------------------------------
     0 | D:1      | lysyklops the Minotaur Fighter began the quest for the Orb.
     0 | D:1      | Reached XP level 1. HP: 19/19 MP: 0/0
   343 | D:1      | Reached XP level 2. HP: 27/27 MP: 1/1
   888 | D:2      | Reached XP level 3. HP: 21/33 MP: 2/2
   983 | D:2      | Noticed Robin
   994 | D:2      | Noticed Sigmund
  1001 | D:2      | Killed Sigmund
  1001 | D:2      | Reached XP level 4. HP: 9/41 MP: 3/3
  1001 | D:2      | Reached XP level 5. HP: 11/47 MP: 4/4
  1004 | D:2      | Slain by a goblin

Skill      XL: |  1  2  3 |
---------------+----------+-----
Fighting       | 4 |  4.9
Armour         | 4 |  4.9
Shields        | 4 |  4.8
Long Blades    | 3 4 |  4.1

Action                   |  1- 3 |  4- 6 || total
-------------------------+-------+-------++-------
Melee: Long sword        |    63 |     3 ||    66
       Headbutt          |     8 |       ||     8
  Use: Potion            |     1 |       ||     1
Armor: Scale mail        |    22 |     3 ||    25
Dodge: Dodged            |    16 |     4 ||    20
Block: Shield            |    37 |     5 ||    42
       Rpst.: Long sword |     5 |     1 ||     6
